 Dungeon Crawl Stone Soup version 0.27-a0-1502-g47ed6a6988 (webtiles) character file.

Game seed: 13373169166085875452

19452 quinnr the Stormcaller (level 12, -17/64 HPs)
             Began as a Tengu Air Elementalist on July 8, 2021.
             Was an Elder of Vehumet.
             Demolished by an enormous slime creature (81 damage)
             ... on level 12 of the Dungeon.
             The game lasted 00:32:27 (17331 turns).

quinnr the Stormcaller (Tengu Air Elementalist)    Turns: 17331, Time: 00:32:27

Health: -17/64     AC:  6    Str:  7    XL:     12   Next: 69%
Magic:  38/38      EV: 18    Int: 20    God:    Vehumet [****..]
Gold:   357        SH:  6    Dex: 19    Spells: 3/21 levels left

rFire    . . .     SeeInvis +   O - +5 spear of the Thieving Owl {pain, MP+9 Str-2 Dex+4}
rCold    . . .     Faith    .   x - +0 buckler
rNeg     . . .     Spirit   .   U - +2 robe {Will+}
rPois    +         Reflect  .   P - +2 hat {SInv}
rElec    .         Harm     .   Q - scarf {repulsion}
rCorr    .         Rampage  .   (no gloves)
Will     +....                  (boots unavailable)
Stlth    +++.......             (no amulet)
HPRegen  0.20/turn              m - ring of magical power
MPRegen  0.26/turn              C - ring "Ocois" {+Blink rPois SInv}

@: flying quickly and evasively, repel missiles, quick
A: beak, talons 3, nimble flight
a: Renounce Religion, Evoke Blink


You were on level 12 of the Dungeon.
You worshipped Vehumet.
Vehumet was greatly pleased with you.
You visited 2 branches of the dungeon, and saw 13 of its levels.
You also visited: Sewer.

You collected 577 gold pieces.
You spent 220 gold pieces at shops.

Inventory:

Hand Weapons
 j - a +1 long sword of electrocution
 n - a +2 whip of venom
 M - a +1 shortbow of freezing
 O - the +5 spear of the Thieving Owl (weapon) {pain, MP+9 Str-2 Dex+4}
   (You took it off an orc wizard on level 8 of the Dungeon)

   In the hands of one skilled in necromantic magic, it inflicts extra damage on
   living creatures.
   Str:       It affects your strength (-2).
   Dex:       It affects your dexterity (+4).
   MP:        It affects your magic capacity (+9).
 R - the +2 dagger of Doena {elec, rF+ Dex+4}
   (You took it off an orc priest on level 9 of the Dungeon)

   Occasionally, upon striking a foe, it can discharge electrical energy and
   cause terrible harm.
   Dex:       It affects your dexterity (+4).
   rF:        It protects you from fire.
Missiles
 o - 20 poisoned darts
 F - a curare-tipped dart
 N - 130 arrows
 X - 8 atropa-tipped darts
Armour
 a - a +0 robe
 i - a +0 cloak
 x - a +0 buckler (worn)
 P - a +2 hat of see invisible (worn)
 Q - a scarf of repulsion (worn)
 S - a +2 robe of positive energy
 U - a +2 robe of willpower (worn)
Magical Staves
 B - a staff of earth
 E - a staff of cold
Jewellery
 k - a ring of see invisible
 m - a ring of magical power (left hand)
 C - the ring "Ocois" (right hand) {+Blink rPois SInv}
   (You found it on level 12 of the Dungeon)

   [ring of poison resistance]

   rPois:     It protects you from poison.
   SInv:      It lets you see invisible.
   +Blink:    It lets you blink.
 T - a ring of wizardry
Wands
 w - a wand of flame (21)
 z - a wand of paralysis (19)
 D - a wand of charming (12)
 L - a wand of polymorph (4)
 W - a wand of iceblast (8)
Scrolls
 e - 4 scrolls of magic mapping
 l - 2 scrolls of teleportation
 p - 2 scrolls of noise
 q - a scroll of silence {unknown}
 r - 2 scrolls of amnesia
 t - a scroll of acquirement {unknown}
 y - a scroll of vulnerability {unknown}
 G - a scroll of brand weapon {unknown}
 I - a scroll of fear
 V - a scroll of blinking
 Z - a scroll of immolation
Potions
 b - 3 potions of lignification
 c - 5 potions of curing
 d - 4 potions of flight
 f - 5 potions of magic
 g - 2 potions of brilliance
 h - 4 potions of attraction
 s - 2 potions of heal wounds
 u - 4 potions of might
 v - 2 potions of cancellation
 A - a potion of haste
 H - a potion of invisibility
 J - 2 potions of ambrosia
 K - 2 potions of mutation
Miscellaneous
 Y - a phial of floods


   Skills:
 - Level 3.0 Fighting
 - Level 6.0 Dodging
 - Level 4.0 Stealth
 - Level 4.0 Shields
 - Level 5.0 Spellcasting
 + Level 7.1 Conjurations
 + Level 20.1 Air Magic
 + Level 4.7 Evocations


You had 3 spell levels left.
You knew the following spells:

 Your Spells              Type           Power      Damage    Failure   Level
a - Shock                 Conj/Air       100%       1d9       1%          1
b - Airstrike             Air            35%        N/A       1%          4
c - Poisonous Vapours     Pois/Air       90%        N/A       1%          2
d - Mephitic Cloud        Conj/Pois/Air  41%        N/A       1%          3
e - Freezing Cloud        Conj/Ice/Air   20%        6-21      2%          5
f - Conjure Flame         Conj/Fire      19%        6-21      2%          3

Your spell library contained the following spells:

 Spells                   Type           Power      Damage    Failure   Level
 Swiftness                Air            71%        N/A       0%          3
 Foxfire                  Conj/Fire      76%        2x1d7     1%          1
 Corpse Rot               Necr/Air       N/A        N/A       1%          2
 Static Discharge         Conj/Air       56%        N/A       1%          2
 Dazzling Flash           Conj/Hex       38%        N/A       2%          3
 Frozen Ramparts          Ice            10%        1d3       10%         3
 Inner Flame              Hex/Fire       5%         N/A       10%         3
 Beastly Appendage        Tmut           10%        N/A       12%         1
 Slow                     Hex            5%         N/A       17%         2
 Wereblood                Tmut           5%         N/A       17%         2
 Confusing Touch          Hex            5%         N/A       34%         3
 Ozocubu's Armour         Ice            5%         N/A       34%         3
 Spider Form              Tmut/Pois      2%         N/A       34%         3
 Iskenderun's Mystic Bla  Conj/Tloc      19%        2d6       7%          4
 Yara's Violent Unravell  Hex/Tmut       2%         3d3       58%         5
 Starburst                Conj/Fire      9%         8x6d5     67%         6
 Cause Fear               Hex            2%         N/A       75%         4
 Dispel Undead            Necr           5%         3d7       75%         4
 Ice Form                 Ice/Tmut       5%         N/A       75%         4
 Petrify                  Tmut/Erth      5%         N/A       75%         4
 Summon Ice Beast         Ice/Summ       5%         N/A       75%         4
 Metabolic Englaciation   Hex/Ice        2%         N/A       97%         5
 Death Channel            Necr           2%         N/A       100%        6
 Simulacrum               Ice/Necr       2%         N/A       100%        6
 Statue Form              Tmut/Erth      3%         N/A       100%        6
 Discord                  Hex            2%         N/A       100%        8


Dungeon Overview and Level Annotations

Branches:
Dungeon (12/15)            Temple (1/1) D:4            Lair (0/6) D:9
    Orc (0/2) D:12          Sewer (visited)

Altars:
Ashenzari
Cheibriados
Dithmenos
Elyvilon
Fedhas
Gozag
Hepliaklqana
Kikubaaqudgha
Makhleb
Nemelex Xobeh
Okawaru
Qazlal
Ru
Sif Muna
Trog
Uskayaw
Vehumet
Wu Jian
Xom
Yredelemnul
Zin
The Shining One

Shops:
D:4 =


Innate Abilities, Weirdness & Mutations

You have a beak for a mouth.
You have claws for feet.
Your magical nature lets you fly swiftly and evasively.


Message History

Aim: a slime creature (severely wounded)
The air twists around and strikes the slime creature!
The slime creature is severely wounded.
Two slime creatures merge to form a large slime creature.
Unknown command.
Unknown command.
A slime creature comes into view.
Two slime creatures merge to form a very large slime creature.
Two slime creatures merge to form an enormous slime creature.
Unknown command.
Casting: Airstrike (safe; 1% risk of failure)
Confirm with . or Enter, or press ? or * to list all spells.
Aiming: Freezing Cloud (dangerous; 2% risk of failure)
Press: ? - help, Dir - move target, f/p - enormous slime creature
Aim: an enormous slime creature (moderately wounded)
The enormous slime creature is engulfed in freezing vapours.
Unknown command.
Casting: Freezing Cloud (dangerous; 2% risk of failure)
Confirm with . or Enter, or press ? or * to list all spells.
The fire begins to smoulder!
The enormous slime creature is engulfed in freezing vapours.
The enormous slime creature is engulfed in freezing vapours.
The fire ignites!
You see here 20 stones.
Casting: Conjure Flame (dangerous; 2% risk of failure)
Confirm with . or Enter, or press ? or * to list all spells.
The fire begins to smoulder!
The enormous slime creature is engulfed in blazing flames.
The enormous slime creature smothers the flame.
Unknown command.
There is a stone staircase leading up here.
You fly upwards.
There is a stone staircase leading down here.
Unknown command.
You start resting.
Magic restored.
You fly downwards.
The enormous slime creature hits you!!!!
Ouch! That really hurt!
You die...

#.# #.# #.# #.# . #.# .$.
#.# #######.....
#######.######...........
.........J@...(#####.....
#######.######## ...
#...# . #.### #.# #.# #.#
#.# # #.#


You could see an enormous slime creature.

Vanquished Creatures
  Jorgrun (D:12)
  Gastronok (D:8)
  2 boulder beetles
  A hydra (D:11)
  Erica (D:8)
  2 two-headed ogres (D:10)
  An oklob plant (D:9)
  A cyclops (D:7)
  Maurice (D:9)
  A gargoyle (D:11)
  An unseen horror (D:11)
  A komodo dragon (D:11)
  A troll (D:10)
  A hornet (D:8)
  A wraith (D:9)
  A shadow (D:9)
  5 wyverns
  19 yaks
  A steam dragon (D:7)
  6 vampire mosquitoes (D:11)
  3 water moccasins
  A hornet zombie (D:7)
  5 orc warriors
  3 sky beasts
  An ogre (D:6)
  A necrophage (D:8)
  7 centaurs
  2 phantoms (D:7)
  2 kobold brigands
  5 bullfrogs
  Blork the orc (D:4)
  2 gnoll sergeants
  A scorpion (D:5)
  A water moccasin zombie (D:6)
  15 wights
  3 howler monkeys (D:9)
  7 jellies
  2 bullfrog zombies
  2 hounds
  A centaur zombie (D:7)
  7 orc priests
  A centaur skeleton (D:7)
  3 gnoll shamans
  A bullfrog skeleton (D:5)
  Jessica (D:2)
  3 iguanas (D:5)
  6 orc wizards
  2 killer bee zombies
  A hound skeleton (D:4)
  27 gnolls
  2 howler monkey zombies
  6 adders
  A shadow imp (D:6)
  3 white imps
  An adder skeleton (D:5)
  3 worms
  3 dart slugs
  23 orcs
  19 endoplasms
  4 giant cockroaches
  9 hobgoblins
  8 jackals
  12 kobolds
  6 quokkas
  6 ball pythons
  7 bats
  2 frilled lizards
  8 goblins
  7 rats
296 creatures vanquished.

Vanquished Creatures (others)
  An orc (D:8)
  9 fungi (D:9)
  2 plants (D:9)
12 creatures vanquished.

Grand Total: 308 creatures vanquished

Notes
Turn   | Place    | Note
-------+----------+-------------------------------------------
     0 | D:1      | quinnr the Tengu Air Elementalist began the quest for the
                  | Orb.
     0 | D:1      | Reached XP level 1. HP: 10/10 MP: 4/4
   135 | D:1      | Reached XP level 2. HP: 15/15 MP: 1/6
   660 | D:1      | Reached XP level 3. HP: 16/19 MP: 4/8
  1118 | D:1      | HP: 1/19 [gnoll (5)]
  1453 | D:1      | Reached skill level 5 in Air Magic
  1559 | D:2      | Noticed Jessica
  1580 | D:2      | Killed Jessica
  1581 | D:2      | Reached XP level 4. HP: 22/24 MP: 5/9
  1810 | D:2      | Reached skill level 6 in Air Magic
  1907 | D:2      | Learned a level 4 spell: Airstrike
  1998 | D:2      | Gained mutation: Your magical nature lets you fly swiftly
                  | and evasively. [Tengu growth]
  1998 | D:2      | Reached XP level 5. HP: 28/28 MP: 5/10
  2269 | D:2      | Reached skill level 7 in Air Magic
  2376 | D:2      | Found a white marble altar of Elyvilon.
  2749 | D:3      | Found a glowing drain.
  2758 | Sewer    | Entered a sewer
  2992 | Sewer    | Noticed a water moccasin
  3001 | Sewer    | Killed a water moccasin
  3002 | Sewer    | Reached skill level 8 in Air Magic
  3002 | Sewer    | Reached XP level 6. HP: 32/32 MP: 11/11
  3344 | D:3      | Found a glowing golden altar of the Shining One.
  3590 | D:3      | Found a faded altar of an unknown god.
  3909 | D:4      | Found Qeamat's Jewellery Boutique.
  3917 | D:4      | Noticed a water moccasin
  3921 | D:4      | Killed a water moccasin
  3922 | D:4      | Reached skill level 9 in Air Magic
  3930 | D:4      | Found a staircase to the Ecumenical Temple.
  3941 | D:4      | Reached XP level 7. HP: 24/36 MP: 12/12
  3951 | Temple   | Entered the Ecumenical Temple
  4183 | Temple   | Became a worshipper of Vehumet
  4418 | D:4      | Reached skill level 10 in Air Magic
  5093 | D:5      | Entered Level 5 of the Dungeon
  5139 | D:5      | Noticed Blork the orc
  5159 | D:4      | Killed Blork the orc
  5160 | D:4      | Reached skill level 1 in Shields
  5594 | D:5      | Reached * piety under Vehumet
  5594 | D:5      | Offered knowledge of Foxfire by Vehumet.
  5674 | D:5      | Reached XP level 8. HP: 29/41 MP: 11/13
  5749 | D:5      | Reached skill level 11 in Air Magic
  5952 | D:5      | Found a sacrificial altar of Ru.
  6534 | D:4      | Bought a ring of poison resistance for 220 gold pieces
  7014 | D:6      | Reached skill level 1 in Fighting
  7019 | D:6      | Reached skill level 12 in Air Magic
  7198 | D:6      | Found an iron altar of Okawaru.
  7274 | D:6      | Found a burning altar of Makhleb.
  7483 | D:7      | Found a blossoming altar of Fedhas.
  7538 | D:7      | Noticed a yak
  7573 | D:7      | Noticed a yak
  7577 | D:7      | Noticed a yak
  7587 | D:7      | Killed a yak
  7588 | D:7      | Noticed a yak
  7589 | D:7      | Killed a yak
  7589 | D:7      | Noticed a yak
  7590 | D:7      | Reached XP level 9. HP: 46/49 MP: 6/15
  7778 | D:6      | HP: 2/49 [yak (11)]
  7803 | D:6      | Reached skill level 13 in Air Magic
  8463 | D:7      | Noticed a cyclops
  8495 | D:6      | Reached skill level 5 in Spellcasting
  8760 | D:7      | Offered knowledge of Freeze by Vehumet.
  8828 | D:7      | Reached ** piety under Vehumet
  8829 | D:7      | Reached skill level 14 in Air Magic
  9149 | D:7      | Killed a cyclops
  9150 | D:7      | Reached skill level 15 in Air Magic
  9150 | D:7      | Reached XP level 10. HP: 55/56 MP: 13/18
  9916 | D:8      | Found a hazy altar of Hepliaklqana.
 10020 | D:8      | Found a hide-covered altar of Uskayaw.
 10021 | D:8      | Found a glowing silver altar of Zin.
 10055 | D:8      | Noticed Erica
 10074 | D:8      | Killed Erica
 10075 | D:8      | Reached skill level 16 in Air Magic
 10714 | D:8      | Noticed Gastronok
 10894 | D:8      | Offered knowledge of Poisonous Vapours by Vehumet.
 10900 | D:8      | Learned a level 2 spell: Poisonous Vapours
 10996 | D:8      | Reached skill level 17 in Air Magic
 11066 | D:8      | Found a shimmering altar of Xom.
 11124 | D:8      | Found a sparkling altar of Nemelex Xobeh.
 11251 | D:8      | Identified the +5 spear of the Thieving Owl {pain, MP+9
                  | Str-2 Dex+4}
 11645 | D:8      | Killed Gastronok
 11646 | D:8      | Reached XP level 11. HP: 52/60 MP: 1/19
 11902 | D:8      | Identified the +9 flail of the Land of Plenty {freeze,
                  | *Rage Int+5}
 11961 | D:9      | Found a stormy altar of Qazlal.
 12055 | D:9      | Identified the +2 dagger of Doena {elec, rF+ Dex+4}
 12362 | D:9      | Reached skill level 5 in Dodging
 12475 | D:9      | Found a staircase to the Lair.
 12525 | D:9      | Reached *** piety under Vehumet
 13111 | D:9      | Noticed Maurice
 13116 | D:9      | Killed Maurice
 13265 | D:9      | Offered knowledge of Mephitic Cloud by Vehumet.
 13395 | D:9      | Learned a level 3 spell: Mephitic Cloud
 13482 | D:9      | Noticed an oklob plant
 13612 | D:9      | Reached skill level 18 in Air Magic
 13749 | D:9      | Killed an oklob plant
 14231 | D:10     | Entered Level 10 of the Dungeon
 14528 | D:10     | Found an ornate altar of the Wu Jian Council.
 14572 | D:10     | Found an ancient bone altar of Kikubaaqudgha.
 14622 | D:10     | Noticed a two-headed ogre
 14627 | D:10     | Killed a two-headed ogre
 14669 | D:10     | Reached **** piety under Vehumet
 14845 | D:10     | Noticed a two-headed ogre
 14849 | D:10     | Killed a two-headed ogre
 14850 | D:10     | Reached skill level 19 in Air Magic
 14927 | D:10     | Noticed a boulder beetle
 14939 | D:10     | Killed a boulder beetle
 15349 | D:11     | Reached XP level 12. HP: 64/64 MP: 20/20
 15463 | D:11     | Reached skill level 1 in Evocations
 15469 | D:11     | Offered knowledge of Freezing Cloud by Vehumet.
 15738 | D:11     | Noticed a four-headed hydra
 15746 | D:11     | Killed a four-headed hydra
 15765 | D:10     | Learned a level 5 spell: Freezing Cloud
 15769 | D:10     | Learned a level 3 spell: Conjure Flame
 15924 | D:11     | Reached skill level 5 in Conjurations
 16217 | D:11     | Found a burning altar of Makhleb.
 16699 | D:12     | Found a staircase to the Orcish Mines.
 16716 | D:12     | Noticed a boulder beetle
 16720 | D:12     | Noticed Jorgrun
 16760 | D:12     | Killed Jorgrun
 16761 | D:12     | Reached skill level 20 in Air Magic
 17020 | D:12     | Killed a boulder beetle
 17179 | D:12     | Identified the ring "Ocois" {+Blink rPois SInv}
 17331 | D:12     | Demolished by an enormous slime creature

Illustrated notes

Levels and vault maps discovered:
D:1:      pf_arrival_petrified_forest, layout_basic,
          chequers_serial_rivers_small_3, minmay_surrounded
D:2:      layout_rooms, basic_altar, uniq_jessica
D:3:      layout_rooms, nicolae_tso_carved_into_rock,
          ebering_ecumenical_altar_hall, cheibrodos_sewer_entry_sluice
D:4:      minmay_angry_zag, layout_rooms, minmay_temple_entry_large_hall,
          serial_shops, nicolae_shop_behind_doors, st_stairs_8,
          kennysheep_cluttered_room
D:5:      layout_cave_pools, lemuel_crystal_altar, hangedman_minor_gate_pass,
          uniq_blork_the_orc
D:6:      layout_rooms, kennysheep_mini, okawaru_ov_weapons_minmay
D:7:      minmay_s_stair_smasher, layout_rooms,
          mainiacjoe_overflow_cross_hatched, chequers_hall_statues_y
D:8:      layout_gridville, nemelex_spade_bored_becter,
          mainiacjoe_overflow_divided_tiny,
          mainiacjoe_overflow_concentric_impassable,
          mainiacjoe_overflow_alcove_4, uniq_gastronok, uniq_erica
D:9:      lemuel_slime, layout_stronghold, mainiacjoe_overflow_boulevard,
          dpeg_oklobed_lair, uniq_maurice
D:10:     layout_big_octagon, mainiacjoe_overflow_six_doors_small,
          mainiacjoe_overflow_chevrons, moated_statue
D:11:     layout_irregular_city, bloody_makhleb
D:12:     layout_roguey, orc_0_dummy, uniq_jorgrun, uniq_fannar, uniq_rupert,
          uniq_josephine, uniq_sonja
Temple:   nicolae_temple_figure_zero

Skill      XL: |  1  2  3  4  5  6  7  8  9 10 11 12 |
---------------+-------------------------------------+-----
Spellcasting   | 3 5 |  5.0
Air Magic      | 5 6 8 9 10 12 15 17 19 20 | 20.1
Shields        | 2 4 |  4.0
Fighting       | 2 3 |  3.0
Dodging        | 4 6 |  6.0
Stealth        | 4 |  4.0
Conjurations   | 3 7 |  7.1
Evocations     | 4 |  4.7

Action                   |  1- 3 |  4- 6 |  7- 9 | 10-12 || total
-------------------------+-------+-------+-------+-------++-------
Melee: Unarmed           |     3 |     9 |       |     7 ||    19
       Kick              |     1 |     8 |    13 |     7 ||    29
       Peck              |       |     3 |     6 |     7 ||    16
       Whip              |       |    20 |    38 |       ||    58
       Long sword        |       |       |     4 |     6 ||    10
       Staff             |       |       |     2 |     5 ||     7
       Spear             |       |       |       |    27 ||    27
 Cast: Shock             |    63 |    93 |    75 |     7 ||   238
       Airstrike         |       |     6 |    99 |   270 ||   375
       Mephitic Cloud    |       |       |       |    10 ||    10
       Poisonous Vapours |       |       |       |     1 ||     1
       Conjure Flame     |       |       |       |     4 ||     4
       Freezing Cloud    |       |       |       |     3 ||     3
Evoke: Wand              |       |       |       |     1 ||     1
  Use: Scroll            |       |     1 |     9 |    12 ||    22
       Potion            |       |       |     1 |       ||     1
 Stab: Confused          |       |       |       |     9 ||     9
Armor: Robe              |     1 |    13 |    15 |     4 ||    33
Dodge: Dodged            |    10 |    27 |    48 |    66 ||   151
Block: Buckler           |       |       |    22 |    24 ||    46

Table legend: (Time is in decaauts)
 A = Elapsed time spent in this place.
 B = Non-inter-level travel time spent in this place.
 C = Inter-level travel time spent in this place.
 D = Time resting spent in this place.
 E = Time spent auto-exploring this place.
 F = Levels seen in this place.
 G = Mean time per level.
                   A        B        C        D        E       F      G
               +--------+--------+--------+--------+--------+-----+--------+
         Total |  16736 |  16126 |    610 |   4380 |   9762 |  14 | 1195.4 |
       Dungeon |  16178 |  15578 |    600 |   4237 |   9405 |  12 | 1348.2 |
        Temple |    232 |    222 |     10 |      0 |    218 |   1 |  232.0 |
         Sewer |    325 |    325 |      0 |    143 |    138 |   1 |  325.0 |
               +--------+--------+--------+--------+--------+-----+--------+

Top non-repeatable levels by time:
     D:9: 2454 daAuts
    D:11: 1854 daAuts
     D:8: 1842 daAuts
     D:6: 1732 daAuts
     D:7: 1675 daAuts
     D:1: 1637 daAuts
     D:4: 1259 daAuts
     D:5: 1061 daAuts
     D:2: 1034 daAuts
     D:3: 750 daAuts
    D:10: 735 daAuts
   Sewer: 325 daAuts
  Temple: 232 daAuts
    D:12: 139 daAuts
